 Dungeon Crawl Stone Soup version 0.31.0-32-g396128a36d (webtiles) character file.

Game seed: 14160183972885227729

60033 NotreDorf the Metamorph (level 14, -8/120 HPs)
             Began as a Merfolk Shapeshifter on Mar 30, 2024.
             Was the Champion of Jiyva.
             Killed from afar by a will-o-the-wisp (43 damage)
             ... with a foxfire
             ... on level 1 of the Swamp.
             The game lasted 01:29:22 (16975 turns).

NotreDorf the Metamorph (Merfolk Shapeshifter)     Turns: 16975, Time: 01:29:22

Health: -8/120     AC:  0    Str: 24    XL:     14   Next: 40%
Magic:  14/14      EV: 37    Int: 15    God:    Jiyva [******]
Gold:   1118       SH:  0    Dex: 34    Spells: 13/13 levels left

rFire   x . .        Y - melded +9 battleaxe "Taocioz" {protect, Fly rF- Will- SInv}
rCold   . . .        (shield currently unavailable)
rNeg    . . .        Q - melded +2 robe {rC+ rF+}
rPois   +            (no helmet)
rElec   .            (no cloak)
rCorr   +            (no gloves)
SInv    .            (no boots)
Will    ++++.        x - amulet of regeneration
Stlth   ++++         Z - ring "Yluwugi" {rPois rF- Will+++ Str+6 Dex+4}
HPRegen 2.80/turn    R - ring "Vezxubef" {Str+2 Int+6 Dex+3 Stlth+}
MPRegen 0.94/turn

%: no passive effects
@: flux-form, glowing
A: glow, contaminating, (nimble swimmer 2), mertail, thin skeletal structure 3,
agile 2, translucent skin 2, tendrils
}: 1/15 runes: slimy
a: Begin Untransformation, Renounce Religion, Oozemancy, Slimify


You were on level 1 of the Swamp.
You worshipped Jiyva.
Jiyva was exalted by your worship.
You were something dangerously unstable.
You visited 4 branches of the dungeon, and saw 23 of its levels.
You also visited: Sewer.

You collected 1118 gold pieces.

Inventory:

Hand Weapons
 n - the +9 staff of Olgreb {rPois∞}
   (You found it on level 5 of the Pits of Slime)

   Radiate:   It can be activated via the 'a'bility menu to radiate toxic
   energy, with effectiveness depending on Evocations skill.
   Alch:      It enhances your alchemy magic.
   rPois∞: It grants immunity to poison.
 w - the +6 spear "Tecvemn" {spect, ^Drain rF+ Dex+4}
   (You found it on level 9 of the Dungeon)

   Dex+4:     It affects your dexterity (+4).
   rF+:       It protects you from fire.
   ^Drain:    It drains your maximum health when unequipped.
 J - the +3 rapier "Vosarak" {elec, ^Drain rF+ Int+6 SInv}
   (You found it on level 5 of the Pits of Slime)

   Int+6:     It affects your intelligence (+6).
   rF+:       It protects you from fire.
   SInv:      It lets you see invisible.
   ^Drain:    It drains your maximum health when unequipped.
 L - a +2 scimitar of flaming
 U - the +4 war axe "Tormentor" {freeze, rPois Int+5}
   (You found it on level 5 of the Pits of Slime)

   Int+5:     It affects your intelligence (+5).
   rPois:     It protects you from poison
 Y - the +9 battleaxe "Taocioz" (melded) {protect, Fly rF- Will- SInv}
   (You found it on level 5 of the Pits of Slime)

   rF-:       It makes you vulnerable to fire.
   Will-:     It decreases your willpower.
   SInv:      It lets you see invisible.
   Fly:       It grants you flight.
Missiles
 A - a throwing net (quivered)
Armour
 Q - a +2 robe of resistance (melded)
Magical Staves
 V - the staff of the Invisible Lives {rF+ Fire Earth}
   (You found it on level 5 of the Pits of Slime)

   [staff of fire]

   Base accuracy: +5 Base damage: 5 Base attack delay: 1.2 This weapon's minimum
   attack delay (0.6) is reached at skill level 12.
   rF+:       It protects you from fire.
   Fire:      It increases the power of your Fire spells.
   Earth:     It increases the power of your Earth spells.
   It falls into the 'Staves' category.
   It is a one-handed weapon.
Jewellery
 g - a ring of flight
 x - an amulet of regeneration (around neck)
 B - a +6 ring of dexterity
 K - a ring of wizardry
 M - an amulet of reflection
 O - a ring of positive energy
 R - the ring "Vezxubef" (right hand) {Str+2 Int+6 Dex+3 Stlth+}
   (You found it on level 3 of the Lair of Beasts)

   [ring of intelligence]

   Str+2:     It affects your strength (+2).
   Int+6:     It affects your intelligence (+6).
   Dex+3:     It affects your dexterity (+3).
   Stlth+:    It makes you more stealthy.
 T - the ring "Ohilun" {rPois rCorr Str+6}
   (You found it on level 5 of the Pits of Slime)

   [ring of strength]

   Str+6:     It affects your strength (+6).
   rPois:     It protects you from poison rCorr: It protects you from acid and
   corrosion.
 Z - the ring "Yluwugi" (left hand) {rPois rF- Will+++ Str+6 Dex+4}
   (You found it on level 5 of the Pits of Slime)

   [ring of strength]

   Str+6:     It affects your strength (+6).
   Dex+4:     It affects your dexterity (+4).
   rF-:       It makes you vulnerable to fire.
   rPois:     It protects you from poison Will+++: It greatly increases your
   willpower.
Talismans
 c - a beast talisman
 d - a flux talisman (active)
Wands
 e - a wand of flame (19)
 I - a wand of mindburst (20)
 P - a wand of acid (4)
 S - a wand of iceblast (11)
 W - a wand of polymorph (4)
 X - a wand of paralysis (16)
Scrolls
 a - 4 scrolls of identify
 i - 2 scrolls of poison {unknown}
 k - 2 scrolls of revelation {unknown}
 l - a scroll of fog {unknown}
 m - a scroll of brand weapon {unknown}
 p - 2 scrolls of noise {unknown}
 q - 2 scrolls of teleportation
 s - 2 scrolls of blinking {unknown}
 v - a scroll of silence {unknown}
 y - a scroll of immolation {unknown}
 z - a scroll of enchant armour {unknown}
 C - 2 scrolls of acquirement {unknown}
 D - a scroll of amnesia
 E - a scroll of vulnerability
 G - 2 scrolls of fear {unknown}
Potions
 b - 5 potions of lignification
 f - a potion of degeneration {unknown}
 h - 2 potions of enlightenment {unknown}
 j - 4 potions of curing {unknown}
 o - 3 potions of cancellation
 r - a potion of resistance
 t - 2 potions of magic
 u - a potion of haste
 F - a potion of mutation {unknown}
 H - a potion of heal wounds
 N - 2 potions of brilliance


   Skills:
 + Level 14.0 Fighting
 + Level 16.5 Dodging
 - Level 9.9 Stealth
 + Level 8.4 Unarmed Combat
 + Level 16.7 Shapeshifting


You had 13 spell levels left.
You didn't know any spells.
Your spell library contained the following spells:

 Spells                   Type           Power      Damage    Failure   Level
 Magic Dart               Conj           0%         1d3       26%         1
 Cigotuvi's Dreadful Rot  Necr/Alch/Air  0%         N/A       38%         2
 Ensorcelled Hibernation  Hex/Ice        0%         N/A       38%         2
 Jinxbite                 Hex            0%         N/A       38%         2
 Searing Ray              Conj           0%         2d4       38%         2
 Static Discharge         Conj/Air       0%         3-3/arc   38%         2
 Confusing Touch          Hex            0%         N/A       63%         3
 Inner Flame              Hex/Fire       0%         N/A       63%         3
 Tukima's Dance           Hex            0%         N/A       63%         3
 Airstrike                Air            0%         2d(0-16)  95%         4
 Fulminant Prism          Conj/Alch      0%         3d5       95%         4
 Ignite Poison            Fire/Alch      0%         N/A       95%         4
 Manifold Assault         Tloc           0%         N/A       95%         4
 Summon Lightning Spire   Summ/Air       0%         N/A       95%         4
 Freezing Cloud           Conj/Ice/Air   0%         6-21      100%        5
 Yara's Violent Unravell  Hex/Alch       0%         3d3       100%        5
 Dispersal                Tloc           0%         N/A       100%        6
 Enfeeble                 Hex            0%         N/A       100%        7
 Disjunction              Tloc           0%         N/A       100%        8


Dungeon Overview and Level Annotations

Branches:
Dungeon (12/15)            Temple (0/1) D:6            Lair (5/5) D:8
  Swamp (1/4) Lair:2        Snake (0/4) Lair:3        Slime (5/5) Lair:5
    Orc (0/2) D:9           Sewer (visited)

Altars:
Ashenzari
Dithmenos
Elyvilon
Fedhas
Gozag
Hepliaklqana
Kikubaaqudgha
Makhleb
Nemelex Xobeh
Okawaru
Qazlal
Uskayaw
Vehumet
Xom
Yredelemnul
Zin
Jiyva

Shops:
D:2 [   D:4 *   D:9 ([

Portals:
Trove: D:10 (give 13 scrolls of teleportation)

Annotations:
Slime:5 Royal Jelly


Innate Abilities, Weirdness & Mutations

You are something dangerously unstable.
You glow with magical radiation, making you easy to see and hit.
Foes you strike become dangerously contaminated with magical radiation.
You are incapable of wielding weapons or throwing items.
((You are very nimble when in or above water. (Stealth+, EV+, Speed+++)))
Your lower body shifts to a powerful aquatic tail in water.
You have an unnaturally thin skeletal structure. (Dex +6, Stealth+++)
You are very agile. (Dex +8, Str/Int -2)
Your translucent skin reduces your foes' accuracy. (Stealth+)
You are covered in slimy tendrils that may disarm your opponents.


Message History

The tyrant leech is severely wounded.
You miss the tyrant leech.
The tyrant leech is severely wounded.
The will-o-the-wisp completely misses you.
The tyrant leech completely misses you.
You completely miss the tyrant leech.
The tyrant leech is severely wounded.
The will-o-the-wisp blinks!
You hear a slurping noise.
The tyrant leech bites you!
The tyrant leech draws strength from your injuries!
You punch the tyrant leech!
The tyrant leech begins to glow.
The tyrant leech is severely wounded.
The will-o-the-wisp gestures.
The will-o-the-wisp conjures some marshlight!
You hear a distant slurping noise. 2 foxfires come into view.
You punch the tyrant leech!
The tyrant leech glows dangerously bright.
The tyrant leech is almost dead.
The foxfire hits the jelly!!
The jelly dies!
The foxfire hits you!!! The fire burns you terribly!
You shudder from the blast and a jelly pops out!
The tyrant leech completely misses you.
You are too injured to fight recklessly!
You hit the tyrant leech.
The tyrant leech shudders as magic cascades through it!!
You kill the tyrant leech!
The will-o-the-wisp blinks!
Your acid blob hits the will-o-the-wisp!
The will-o-the-wisp is splashed with acid.
The acid corrodes the will-o-the-wisp!
The will-o-the-wisp gestures.
The will-o-the-wisp conjures some marshlight! 2 foxfires come into view.
The foxfire hits you!! The fire burns you terribly!
* * * LOW HITPOINT WARNING * * *
The foxfire hits you!!! The fire burns you terribly!
You die...

.... ~.~~~~~~. ...
♣~~.~♣~§. ♣.♣♣ ♣.~.§~~.~
. ♣.~♣♣ ♣.~...~>~ ~.
♣♣.§.♣ ♣.~~.~~♣~
...♣♣♣♣♣~.~.♣♣ ♣.~~..~~~
..~.§.♣.~~~..♣♣♣.~~~~.~~
..§..~...♣♣...♣♣.~♣~~§~~
~..~~§~p.♣♣♣.~♣.~...~~..
~...~.†v.♣ ♣♣J..~♣♣<~.~♣
..~♣!~§vJ.♣ ♣....♣♣♣.)[~
.. ♣..§..♣♣ ♣....♣ ♣♣♣~.
..♣...♣♣ ♣..♣.♣ ♣♣♣
...~♣~♣♣ ♣.♣♣.♣ ♣
.♣♣.♣♣♣ ♣.♣♣♣♣ ♣♣ ♣.♣
♣.♣


You could see a will-o-the-wisp (corroded, ally target) and a friendly acid blob
(summoned).

Vanquished Creatures
  2 eleionomae
  Josephine (Lair:4)
  A hydra (Lair:5)
  A catoblepas (Lair:5)
  3 two-headed ogres
  Erica (Lair:1)
  7 death yaks
  Amaemon (D:9)
  2 skysharks (Lair:5)
  A skeletal warrior (D:10)
  A bog body (Swamp:1)
  A spriggan druid (Swamp:1)
  2 oklob plants
  A deep elf pyromancer (D:12)
  A salamander (Lair:3)
  An ugly thing (D:11)
  4 black mambas
  3 elephants (Lair:5)
  6 cane toads
  An unseen horror (D:10)
  A rime drake (Lair:5)
  8 komodo dragons
  2 trolls
  2 polar bears
  26 blink frogs
  Prince Ribbit (D:5)
  A tyrant leech (Swamp:1)
  A vampire (D:9)
  5 wraiths (Lair:4)
  2 shadows (D:11)
  3 wyverns
  Eustachio (D:5)
  33 yaks
  A steam dragon (Lair:1)
  2 basilisks
  The ghost of jimmypageman the Cutter, an amateur GnWn (D:3)
  3 vampire mosquitoes (D:12)
  A swamp worm (Swamp:1)
  3 nagas (Lair:3)
  2 acid dragons
  9 water moccasins
  An ice beast (D:7)
  A sky beast (D:7)
  4 orc warriors
  A black bear (Lair:5)
  16 wolves
  4 centaurs
  A phantom (D:6)
  A kobold brigand (D:6)
  9 bullfrogs
  A gnoll sergeant (D:9)
  2 scorpions
  15 wights
  20 killer bees
  3 howler monkeys
  An electric eel (Lair:4)
  7 crimson imps (D:8)
  A jelly (Sewer)
  A gnoll bouda (D:7)
  5 hounds
  5 orc priests
  2 iguanas (D:5)
  Natasha (twice) (D:2)
  3 orc wizards
  A hound zombie (D:3)
  11 gnolls
  6 adders
  4 river rats (Sewer)
  2 shadow imps (D:6)
  2 white imps (D:8)
  4 ufetubi (D:6)
  2 dart slugs
  4 ribbon worms
  37 orcs
  3 bats (D:2)
  13 endoplasms
  8 giant cockroaches
  A goblin (D:1)
  5 hobgoblins
  3 jackals (D:4)
  5 kobolds
  17 ball pythons
  A ball python zombie (D:3)
  6 frilled lizards
  9 rats
399 creatures vanquished.

Vanquished Creatures (collateral kills)
  A hydra (Lair:5)
  A death yak (Lair:5)
  4 skeletal warriors (D:10)
  A deep elf pyromancer (D:12)
  A rime drake (Lair:3)
  2 komodo dragons
  A water moccasin (Lair:1)
  2 wolves (Lair:1)
  A bullfrog (D:8)
  An iguana (D:8)
15 creatures vanquished.

Vanquished Creatures (others)
  An orange demon (D:9)
  A komodo dragon (D:12)
  A kobold demonologist (D:12)
  A blink frog (Lair:4)
  A yak (Lair:2)
  2 water moccasins
  A black bear (Lair:5)
  A wolf (Lair:5)
  A kobold brigand (D:12)
  2 bullfrogs
  3 killer bees (D:9)
  65 jellies
  3 orc wizards
  A gnoll (D:7)
  A dart slug (D:5)
  10 orcs
  A jackal (D:4)
  8 kobolds
  A butterfly (D:6)
  3 foxfires (Swamp:1)
108 creatures vanquished.

Grand Total: 522 creatures vanquished

Notes
Turn   | Place    | Note
-------+----------+-------------------------------------------
     0 | D:1      | NotreDorf the Merfolk Shapeshifter began the quest for the
                  | Orb.
     0 | D:1      | Reached XP level 1. HP: 15/15 MP: 1/1
   198 | D:1      | Reached XP level 2. HP: 10/21 MP: 2/2
   793 | D:2      | Reached skill level 1 in Stealth
   839 | D:2      | Reached XP level 3. HP: 23/27 MP: 3/3
  1287 | D:2      | Noticed Natasha
  1296 | D:2      | Killed Natasha
  1297 | D:2      | Reached XP level 4. HP: 14/33 MP: 4/4
  1377 | D:2      | Found Xeodar's Antique Armour Shoppe.
  1400 | D:2      | Noticed Natasha
  1406 | D:2      | Killed Natasha
  1763 | D:3      | Found a stormy altar of Qazlal.
  1825 | D:3      | Found a sparkling altar of Nemelex Xobeh.
  1882 | D:3      | Found an ancient bone altar of Kikubaaqudgha.
  2050 | D:3      | Reached skill level 5 in Shapeshifting
  2050 | D:3      | Reached XP level 5. HP: 24/40 MP: 5/5
  2459 | D:3      | Reached skill level 10 in Shapeshifting
  2459 | D:3      | Reached XP level 6. HP: 49/53 MP: 6/6
  2609 | D:3      | Found a runed translucent gate.
  2609 | D:3      | Found a runed translucent gate.
  2609 | D:3      | Found a runed translucent gate.
  2609 | D:3      | Noticed jimmypageman's ghost (amateur GnWn)
  2611 | D:3      | Found a basalt altar of Yredelemnul.
  2633 | D:3      | Killed jimmypageman's ghost
  2634 | D:3      | Reached XP level 7. HP: 34/59 MP: 7/7
  2641 | D:3      | Got the Guidebook on Maleficia and Ignition
  2838 | D:4      | Found a glowing drain.
  2885 | Sewer    | Entered a sewer
  3366 | Sewer    | Found a viscous altar of Jiyva.
  3505 | Sewer    | Became a worshipper of Jiyva Jeax the Shapeless
  3548 | D:4      | Found an opulent altar of Gozag.
  3682 | D:4      | HP: 2/59 [jackal (1)]
  3920 | D:4      | Found a glowing silver altar of Zin.
  3941 | D:4      | Identified the +0 plate armour of Baldness {rElec rF+
                  | Dex-3}
  4165 | D:4      | Reached * piety under Jiyva
  4218 | D:4      | Found Nuelygite's Serpentskin Sales.
  4226 | D:4      | Reached XP level 8. HP: 67/67 MP: 8/8
  4390 | D:5      | Entered Level 5 of the Dungeon
  4431 | D:5      | Noticed Prince Ribbit
  4448 | D:5      | Killed Prince Ribbit
  4678 | D:5      | Noticed Eustachio
  4711 | D:5      | Killed Eustachio
  4727 | D:5      | Reached ** piety under Jiyva
  5034 | D:5      | Found a hide-covered altar of Uskayaw.
  5234 | D:6      | Found a staircase to the Ecumenical Temple.
  5343 | D:6      | Reached *** piety under Jiyva
  5343 | D:6      | Gained mutation: You have a small jelly attached to you
                  | that senses nearby items. [Jiyva's grace]
  5343 | D:6      | Gained mutation: You are partially covered in iridescent
                  | scales. (AC +2) [Jiyva's grace]
  5343 | D:6      | Gained mutation: You are mostly covered in iridescent
                  | scales. (AC +4) [Jiyva's grace]
  5343 | D:6      | Gained mutation: You are completely covered in iridescent
                  | scales. (AC +6) [Jiyva's grace]
  5746 | D:6      | Reached XP level 9. HP: 71/72 MP: 9/9
  5872 | D:6      | Reached **** piety under Jiyva
  5873 | D:6      | Found a radiant altar of Vehumet.
  5955 | D:6      | Found a white marble altar of Elyvilon.
  6881 | D:8      | Reached ***** piety under Jiyva
  7007 | D:8      | Reached skill level 10 in Dodging
  7071 | D:8      | Found a broken altar of Ashenzari.
  7179 | D:8      | Reached XP level 10. HP: 7/80 MP: 10/10
  7249 | D:8      | Found a shadowy altar of Dithmenos.
  7333 | D:8      | Found a staircase to the Lair.
  7355 | Lair:1   | Entered Level 1 of the Lair of Beasts
  7383 | D:8      | Found a shimmering altar of Xom.
  7563 | D:9      | Lost mutation: You are completely covered in iridescent
                  | scales. (AC +6) [Jiyva's grace]
  7563 | D:9      | Lost mutation: You have a small jelly attached to you that
                  | senses nearby items. [Jiyva's grace]
  7563 | D:9      | Gained mutation: Your body has grown eyes which may confuse
                  | attackers. (Acc +3) [Jiyva's grace]
  7563 | D:9      | Gained mutation: Your body has grown many eyes which may
                  | confuse attackers. (Acc +5) [Jiyva's grace]
  7563 | D:9      | Gained mutation: Your body is covered in eyes which may
                  | confuse attackers. (Acc +7, SInv) [Jiyva's grace]
  7563 | D:9      | Gained mutation: You are covered in slimy tendrils that may
                  | disarm your opponents. [Jiyva's grace]
  7629 | D:9      | Noticed a two-headed ogre
  7637 | D:9      | Killed a two-headed ogre
  7845 | D:9      | Found a blossoming altar of Fedhas.
  7931 | D:9      | Identified the +6 spear "Tecvemn" {spect, ^Drain rF+ Dex+4}
  8011 | D:9      | Noticed an orange demon
  8014 | D:9      | Noticed Amaemon
  8021 | D:9      | Killed Amaemon
  8027 | D:9      | Killed an orange demon
  8028 | D:9      | Reached XP level 11. HP: 89/89 MP: 11/11
  8053 | D:9      | Found a hazy altar of Hepliaklqana.
  8113 | D:9      | Found Pid Bol's Weapon Emporium.
  8113 | D:9      | Found a staircase to the Orcish Mines.
  8115 | D:9      | Found Kihis's Armour Emporium.
  8678 | D:10     | Entered Level 10 of the Dungeon
  8685 | D:10     | Noticed a two-headed ogre
  8700 | D:10     | Killed a two-headed ogre
  8912 | D:10     | Reached skill level 10 in Fighting
  8997 | D:10     | Found a portal to a secret trove of treasure.
  9108 | D:10     | Noticed a skeletal warrior
  9110 | D:10     | Noticed a skeletal warrior
  9111 | D:10     | Noticed a skeletal warrior
  9124 | D:10     | Noticed a skeletal warrior
  9127 | D:10     | Killed a skeletal warrior
  9132 | D:10     | Killed a skeletal warrior
  9135 | D:10     | Killed a skeletal warrior
  9138 | D:10     | Noticed a skeletal warrior
  9144 | D:10     | Killed a skeletal warrior
  9147 | D:10     | Killed a skeletal warrior
  9303 | D:10     | Found a burning altar of Makhleb.
  9309 | D:10     | Identified the +1 whip of Lebaen {flame, rF++ Int+4}
  9313 | D:10     | Found an iron altar of Okawaru.
  9386 | D:11     | Reached ****** piety under Jiyva
  9486 | D:11     | Found a shadowy altar of Dithmenos.
  9654 | D:11     | Lost mutation: Your body is covered in eyes which may
                  | confuse attackers. (Acc +7, SInv) [Jiyva's grace]
  9654 | D:11     | Lost mutation: Your body has grown many eyes which may
                  | confuse attackers. (Acc +5) [Jiyva's grace]
  9654 | D:11     | Gained mutation: Your body has grown many eyes which may
                  | confuse attackers. (Acc +5) [Jiyva's grace]
  9654 | D:11     | Gained mutation: Your body is covered in eyes which may
                  | confuse attackers. (Acc +7, SInv) [Jiyva's grace]
  9654 | D:11     | Gained mutation: You have a small jelly attached to you
                  | that senses nearby items. [Jiyva's grace]
  9654 | D:11     | Gained mutation: You have acidic saliva. [Jiyva's grace]
  9737 | D:11     | Reached XP level 12. HP: 99/99 MP: 12/12
 10081 | D:12     | Noticed a two-headed ogre
 10085 | D:12     | Killed a two-headed ogre
 11024 | Lair:1   | Noticed Erica
 11038 | Lair:1   | Killed Erica
 11261 | Lair:1   | Lost mutation: You are mostly covered in iridescent scales.
                  | (AC +4) [Jiyva's grace]
 11261 | Lair:1   | Lost mutation: You have acidic saliva. [Jiyva's grace]
 11261 | Lair:1   | Gained mutation: A frigid envelope surrounds you and
                  | freezes all who hurt you. [Jiyva's grace]
 11261 | Lair:1   | Gained mutation: Your translucent skin slightly reduces
                  | your foes' accuracy. (Stealth+) [Jiyva's grace]
 11261 | Lair:1   | Gained mutation: Your translucent skin reduces your foes'
                  | accuracy. (Stealth+) [Jiyva's grace]
 11261 | Lair:1   | Gained mutation: Your transparent skin significantly
                  | reduces your foes' accuracy. (Stealth+) [Jiyva's grace]
 11861 | Lair:2   | Found a staircase to the Swamp.
 11861 | Lair:2   | Noticed an eleionoma
 11986 | Lair:2   | Reached skill level 15 in Shapeshifting
 12071 | Lair:2   | Killed an eleionoma
 12072 | Lair:2   | Reached XP level 13. HP: 66/109 MP: 13/13
 12165 | Lair:2   | Reached skill level 5 in Unarmed Combat
 12570 | Lair:3   | Found a staircase to the Snake Pit.
 12721 | Lair:3   | Reached skill level 15 in Dodging
 12728 | Lair:3   | Identified the ring "Vezxubef" {Str+2 Int+6 Dex+3 Stlth+}
 13086 | Lair:3   | Lost mutation: A frigid envelope surrounds you and freezes
                  | all who hurt you. [Jiyva's grace]
 13086 | Lair:3   | Lost mutation: Your body is covered in eyes which may
                  | confuse attackers. (Acc +7, SInv) [Jiyva's grace]
 13086 | Lair:3   | Lost mutation: Your body has grown many eyes which may
                  | confuse attackers. (Acc +5) [Jiyva's grace]
 13086 | Lair:3   | Lost mutation: Your body has grown eyes which may confuse
                  | attackers. (Acc +3) [Jiyva's grace]
 13086 | Lair:3   | Lost mutation: Your transparent skin significantly reduces
                  | your foes' accuracy. (Stealth+) [Jiyva's grace]
 13086 | Lair:3   | Lost mutation: You have a small jelly attached to you that
                  | senses nearby items. [Jiyva's grace]
 13086 | Lair:3   | Gained mutation: You have a somewhat thin skeletal
                  | structure. (Dex +2, Stealth+) [Jiyva's grace]
 13086 | Lair:3   | Gained mutation: You have a moderately thin skeletal
                  | structure. (Dex +4, Stealth++) [Jiyva's grace]
 13086 | Lair:3   | Gained mutation: You have an unnaturally thin skeletal
                  | structure. (Dex +6, Stealth+++) [Jiyva's grace]
 13086 | Lair:3   | Gained mutation: Your transparent skin significantly
                  | reduces your foes' accuracy. (Stealth+) [Jiyva's grace]
 13566 | Lair:4   | Identified the +2 leather armour "Etuzxe" {Int+4}
 13808 | Lair:4   | Noticed Josephine
 13821 | Lair:4   | Killed Josephine
 14736 | Lair:5   | Entered Level 5 of the Lair of Beasts
 14829 | Lair:5   | Found a staircase to the Slime Pits.
 14907 | Lair:5   | Reached XP level 14. HP: 118/118 MP: 14/14
 15321 | Lair:5   | Lost mutation: You are partially covered in iridescent
                  | scales. (AC +2) [Jiyva's grace]
 15321 | Lair:5   | Lost mutation: You have an unnaturally thin skeletal
                  | structure. (Dex +6, Stealth+++) [Jiyva's grace]
 15321 | Lair:5   | Lost mutation: Your transparent skin significantly reduces
                  | your foes' accuracy. (Stealth+) [Jiyva's grace]
 15321 | Lair:5   | Lost mutation: You are covered in slimy tendrils that may
                  | disarm your opponents. [Jiyva's grace]
 15321 | Lair:5   | Gained mutation: You are covered in slimy tendrils that may
                  | disarm your opponents. [Jiyva's grace]
 15321 | Lair:5   | Gained mutation: You have an unnaturally thin skeletal
                  | structure. (Dex +6, Stealth+++) [Jiyva's grace]
 15321 | Lair:5   | Gained mutation: You are agile. (Dex +4, Str/Int -1)
                  | [Jiyva's grace]
 15321 | Lair:5   | Gained mutation: You are very agile. (Dex +8, Str/Int -2)
                  | [Jiyva's grace]
 15556 | Lair:5   | Found the +5 scythe "Finisher" {speed, execute}
 15573 | Lair:5   | HP: 1/119 [death yak (28)]
 15781 | Slime:1  | Entered Level 1 of the Pits of Slime
 15850 | Slime:1  | Noticed an acid blob
 15862 | Slime:1  | Noticed an acid blob
 15863 | Slime:1  | Noticed an acid blob
 15978 | Slime:1  | Noticed a quicksilver ooze
 15978 | Slime:1  | Noticed a quicksilver ooze
 16036 | Slime:1  | Noticed a quicksilver ooze
 16150 | Slime:2  | Noticed an acid blob
 16157 | Slime:2  | Noticed an azure jelly
 16162 | Slime:2  | Noticed an acid blob
 16163 | Slime:2  | Noticed a formless jellyfish
 16170 | Slime:2  | Noticed a formless jellyfish
 16338 | Slime:4  | Noticed an azure jelly
 16338 | Slime:4  | Noticed a quicksilver ooze
 16338 | Slime:4  | Noticed a rockslime
 16367 | Slime:4  | Noticed a rockslime
 16372 | Slime:5  | Entered Level 5 of the Pits of Slime
 16372 | Slime:5  | Found the +9 staff of Olgreb {rPois∞}
 16387 | Slime:5  | Identified the +3 rapier "Vosarak" {elec, ^Drain rF+ Int+6
                  | SInv}
 16394 | Slime:5  | Identified the ring "Ohilun" {rPois rCorr Str+6}
 16401 | Slime:5  | Identified the +4 war axe "Tormentor" {freeze, rPois Int+5}
 16415 | Slime:5  | Identified the staff of the Invisible Lives {rF+ Fire
                  | Earth}
 16418 | Slime:5  | Noticed a quicksilver ooze
 16426 | Slime:5  | Noticed the Royal Jelly
 16436 | Slime:5  | Noticed an acid blob
 16438 | Slime:5  | Found a viscous altar of Jiyva.
 16445 | Slime:5  | Got a slimy rune of Zot
 16447 | Slime:5  | Identified the ring "Yluwugi" {rPois rF- Will+++ Str+6
                  | Dex+4}
 16453 | Slime:5  | Noticed an acid blob
 16454 | Slime:5  | Noticed a quicksilver ooze
 16454 | Slime:5  | Noticed an acid blob
 16459 | Slime:5  | Identified the ring "Basiekk" {Fire rElec rPois Slay-5}
 16461 | Slime:5  | Identified the +9 battleaxe "Taocioz" {protect, Fly rF-
                  | Will- SInv}
 16469 | Slime:4  | Noticed a rockslime
 16843 | Swamp:1  | Entered Level 1 of the Swamp
 16920 | Swamp:1  | Noticed an eleionoma
 16946 | Swamp:1  | Killed an eleionoma
 16975 | Swamp:1  | Killed from afar by a will-o-the-wisp

Illustrated notes

Levels and vault maps discovered:
D:1:      onia_arrival_handbag, layout_loops_ring
D:2:      layout_basic, serial_shops, shop, uniq_natasha
D:3:      minmay_inner_zag, layout_basic, nicolae_kikubaaqudgha_miasma_corner,
          nicolae_yredelemnul_ghost_church, lemuel_doored_altar,
          nemelex_diamond_rough_becter
D:4:      layout_loops_cross, grunt_gozag_breadcrumbs, lemuel_crystal_altar,
          portal_sewer_entry_c, guppyfry_shop_venom
D:5:      layout_basic, general_overflow_altar, minmay_splitting_lines,
          uniq_prince_ribbit1, uniq_eustachio
D:6:      layout_rooms, fiery_altar_vehumet, nicolae_elyvilon_peaceful_grove,
          minmay_temple_entry_sparse_star, serial_co_window_serial,
          co_window_paths_a, co_window_cross_1, co_window_paths_a,
          co_window_of_opportunity_a, co_window_of_opportunity_a,
          co_window_paths_a, co_window_corner_a, co_window_broadway_c,
          co_window_broadway_b, co_window_corner_b, co_window_cross_2,
          co_window_unsneaky_path_a, co_window_paths_d, glass_columns_b,
          glass_columns_a, glass_columns_a, glass_columns_b, glass_columns_b
D:7:      layout_basic
D:8:      layout_rooms, mainiacjoe_overflow_alcove_4, ashenzari_altar_1,
          kennysheep_mini_moat, david_lair_shrubbed, minmay_nine_imps
D:9:      layout_stronghold, mainiacjoe_overflow_boulevard,
          nicolae_overflow_hidden_temple, orc_david_3, lightli_orcish_oven,
          uniq_amaemon
D:10:     layout_roguey, bloody_makhleb,
          hellmonk_okawaru_the_only_friend_you_need,
          nicolae_trove_entry_crossroad, minmay_misc_feat_iff
D:11:     layout_gridville, nicolae_dithmenos_through_a_glass_darkly
D:12:     layout_irregular_city
Lair:1:   layout_cave_pods, uniq_erica
Lair:2:   layout_loops_ring, alex1729_swamp_entry_worm_eleionoma
Lair:3:   layout_cave_pods, alex1729_snake_entry_snake, minmay_lair_oklob_items
Lair:4:   layout_layer_cave, serial_bayou_shore_a, uniq_josephine
Lair:5:   grunt_lair_end_beastmaster, layout_hall_layers,
          dpeg_slime_entry_enclosed, infiniplex_staircase_pool_2
Swamp:1:  layout_falls_marsh, nicolae_swamp_feature_on_the_river_bank
Slime:1:  layout_caves, nicolae_slime_phagocytosis
Slime:2:  layout_caves
Slime:3:  layout_caves, nicolae_slime_rock_hall_of_fame
Slime:4:  layout_caves
Slime:5:  slime_pit_nicolae_jellycorners

Skill      XL: |  1  2  3  4  5  6  7  8  9 10 11 12 13 14 |
---------------+-------------------------------------------+-----
Dodging        | 3 4 8 9 10 11 13 14 16 | 16.5
Stealth        | 1 2 6 7 8 9 |  9.9
Fighting       | 2 6 7 8 9 10 12 13 14 | 14.0
Shapeshifting  | 5 10 11 12 13 15 16 | 16.7
Unarmed Combat | 4 7 8 |  8.4

Action                     |  1- 3 |  4- 6 |  7- 9 | 10-12 | 13-15 || total
---------------------------+-------+-------+-------+-------+-------++-------
  Melee: Unarmed           |    18 |    20 |   520 |   597 |   642 ||  1797
         Hand axe          |    42 |       |       |       |       ||    42
         Punch             |     1 |     3 |       |       |     1 ||     5
         Falchion          |    20 |    56 |    18 |       |       ||    94
         Bite              |       |       |       |    50 |       ||    50
         Scimitar          |       |       |       |       |    12 ||    12
         Tailslap          |       |       |       |       |    10 ||    10
  Evoke: Wand              |       |       |       |       |     6 ||     6
    Use: Potion            |       |     5 |     1 |     1 |     2 ||     9
         Scroll            |       |       |     7 |       |     2 ||     9
   Stab: Sleeping          |     4 |     3 |     3 |     1 |     8 ||    19
         Confused          |       |       |       |    41 |     7 ||    48
         Distracted        |       |       |       |     2 |     5 ||     7
         Petrified         |       |       |       |       |     1 ||     1
 Armour: Animal skin       |    51 |    38 |       |       |       ||    89
         Skin              |       |    10 |   226 |   176 |   159 ||   571
         Leather armour    |       |       |    34 |       |       ||    34
         Robe              |       |       |       |       |     3 ||     3
  Dodge: Dodged            |    47 |    73 |   740 |   582 |   967 ||  2409
   Form: Flux              |       |     1 |     1 |     2 |     2 ||     6
                           |       |       |     1 |     2 |     2 ||     5
